 Dungeon Crawl Stone Soup version 0.15-a0-1253-g15b4f57 (webtiles) character file.

117 Duskembrace the Ruffian (level 4, -6/44 HPs)
             Began as a Troll Monk on June 4, 2014.
             Mangled by a gnoll
             ... wielding a +0,+0 halberd
              (16 damage)
             ... on Level 2 of the Dungeon.
             The game lasted 00:04:16 (1095 turns).

Duskembrace the Ruffian (Troll Monk)                Turns: 1095, Time: 00:04:16

HP  -6/44        AC  5     Str 19      XL: 4   Next: 71%
MP   2/2         EV 10     Int  6      God:
Gold 76          SH  0     Dex 13      Spells:  0 memorised,  3 levels left

rFire  . . .     SeeInvis .       - Unarmed
rCold  . . .     Clarity  .     a - +0 robe
rNeg   . . .     rCorr    .     (shield restricted)
rPois  .         rRot     .     (helmet restricted)
rElec  .         Spirit   .     (no cloak)
SustAb .         Warding  .     (gloves unavailable)
rMut   .         Stasis   .     (boots unavailable)
Gourm  +                        (no amulet)
MR     .....                    (no ring)
                                (no ring)

@: not resistant to hostile enchantments, very unstealthy
A: unfitting armour, claws 3, fast metabolism 3, gourmand, regeneration 2,
saprovore 2, shaggy fur 1, tough skin 2
a: no special abilities


You were on level 2 of the Dungeon.
You were very full.

You visited 1 branch of the dungeon, and saw 2 of its levels.

You collected 76 gold pieces.

Inventory:

Armour
 a - a +0 robe (worn)
Comestibles
 b - 2 meat rations
 m - a chunk of giant cockroach flesh
Scrolls
 c - a scroll of magic mapping {unknown}
 d - a scroll of enchant weapon II {unknown}
 e - 6 scrolls of identify {unknown}
 h - a scroll of teleportation {unknown}
 j - a scroll of remove curse {unknown}
 k - a scroll of immolation {unknown}
 l - a scroll of enchant weapon I {unknown}
Potions
 f - a potion of curing {unknown}
 g - a potion of resistance {unknown}
 i - a potion of haste {unknown}


   Skills:
 - Level 2.4 Fighting
 - Level 2.4 Dodging
 - Level 1.1 Stealth
 + Level 6.1 Unarmed Combat


You had 3 spell levels left.
You didn't know any spells.

Dungeon Overview and Level Annotations

Branches:
Dungeon (2/15)

Altars:


Innate Abilities, Weirdness & Mutations

You are too large for most types of armour.
You have claws for hands.
Your metabolism is lightning-fast.
You like to eat raw meat.
You heal very quickly.
You can eat rotten meat.
You are covered in fur (AC +1).
You have very tough skin (AC +2).


Message History

The gnoll is moderately wounded.
The gnoll barely misses you.
You scratch the gnoll.
The gnoll is heavily wounded.
The goblin hits you. The gnoll barely misses you.
The gnoll hits you with a halberd.
You closely miss the gnoll.
The gnoll is heavily wounded.
The goblin hits you. The gnoll barely misses you.
The gnoll hits you with a halberd.
You claw the goblin!
You kill the goblin!
You closely miss the gnoll.
The gnoll is heavily wounded.
The gnoll closely misses you. The gnoll hits you with a halberd!
* * * LOW HITPOINT WARNING * * *
You claw the gnoll!
You kill the gnoll!
The gnoll hits you from afar with a halberd!
You die...

. ##.....####...# ....
#...####.....# .....
###.####.#...# ......
#.%.##.#...## .......##
###....#.....
.....%..#########....###
.......g....# #......#
.......)g....# #.....#.#
.......%@....#
#.#.###...
.............##..#.# ##.
.........)........... ..
...............#..# #..
####..............# #..
#..............# #(.
#########.#....# #..
##.#.#..####..
#####...>#..##....


You could see a gnoll and a hobgoblin.

Vanquished Creatures
  Jessica (D:2)
  Terence (D:2)
  An adder (D:2)
  2 gnolls (D:2)
  A worm (D:2)
  A giant gecko (D:1)
  An ooze (D:1)
  A ball python (D:2)
  3 giant cockroaches (D:2)
  10 hobgoblins
  A quokka (D:2)
  3 bats
  3 giant newts
  4 goblins
  9 kobolds
  11 rats
53 creatures vanquished.

Notes
Turn   | Place    | Note
--------------------------------------------------------------
     0 | D:1      | Duskembrace, the Troll Monk, began the quest for the Orb.
     0 | D:1      | Reached XP level 1. HP: 22/22 MP: 1/1
   246 | D:1      | Reached XP level 2. HP: 29/29 MP: 1/1
   544 | D:1      | Reached skill level 5 in Unarmed Combat
   544 | D:1      | Reached XP level 3. HP: 36/36 MP: 2/2
   954 | D:2      | Noticed Jessica
   966 | D:2      | Killed Jessica
   983 | D:2      | Noticed Terence
   984 | D:2      | Reached XP level 4. HP: 41/44 MP: 2/2
  1001 | D:2      | Killed Terence
  1089 | D:2      | Reached skill level 6 in Unarmed Combat
  1095 | D:2      | Mangled by a gnoll

Action                   |  1- 3 |  4- 6 || total
-------------------------+-------+-------++-------
Melee: Unarmed           |   106 |    30 ||   136
 Stab: Sleeping          |     1 |       ||     1
